 Dungeon Crawl Stone Soup version 0.31-a0-836-g3ceb0a68c4 (webtiles) character file.

Game seed: 13001545965404947879

28 Kurtz the Chopper (level 3, 26/26 HPs)
             Began as an Octopode Fighter on Sept 26, 2023.
             Was a Follower of Sif Muna.
             Quit the game on level 1 of the Dungeon.
             The game lasted 00:00:36 (1015 turns).

Kurtz the Chopper (Octopode Fighter)                Turns: 1015, Time: 00:00:37

Health: 26/26      AC:  1    Str: 15    XL:     3   Next: 14%
Magic:  3/3        EV: 13    Int: 10    God:    Sif Muna [*.....]
Gold:   67         SH:  4    Dex: 13    Spells: 2/2 levels left

rFire   . . .        a - +0 war axe
rCold   . . .        b - +0 buckler
rNeg    . . .        (helmet restricted)
rPois   .            (no amulet)
rElec   .            (no ring)
rCorr   .            (no ring)
SInv    .            (no ring)
Will    .....        (no ring)
Stlth   ++           (no ring)
HPRegen 0.24/turn    (no ring)
MPRegen 0.08/turn    (no ring)
                     (no ring)

%: no passive effects
@: no status effects
A: almost no armour, amphibious, 8 rings, camouflage 1, gelatinous body 1,
(nimble swimmer 1), tentacles
a: Renounce Religion, Channel Magic


You were on level 1 of the Dungeon.
You worshipped Sif Muna.
Sif Muna was aware of your devotion.
You visited 1 branch of the dungeon, and saw 1 of its levels.

You collected 67 gold pieces.

Inventory:

Hand Weapons
 a - a +0 war axe (weapon)
Armour
 b - a +0 buckler (worn)
Scrolls
 d - a scroll of teleportation {unknown}
 e - a scroll of blinking {unknown}
 g - a scroll of identify {unknown}
 h - a scroll of immolation {unknown}
Potions
 c - a potion of might
 f - a potion of haste {unknown}


   Skills:
 - Level 3.0 Fighting
 * Level 3.5 Axes
 - Level 3.0 Dodging
 - Level 3.0 Shields


You had 2 spell levels left.
You didn't know any spells.
Your spell library was empty.

Dungeon Overview and Level Annotations

Branches:
Dungeon (1/15)

Altars:
Sif Muna

Shops:
D:1 !


Innate Abilities, Weirdness & Mutations

You cannot wear most types of armour.
You are amphibious.
You can wear up to eight rings at the same time.
Your skin changes colour to match your surroundings (Stealth+).
Your rubbery body absorbs attacks. (AC +1, EV +1)
((You are camouflaged when in or above water. (Stealth+)))
You have tentacles for arms and can constrict up to eight enemies at once.


Message History

A bat is nearby!
You miss the bat. Your grab misses the bat. The bat closely misses you.
The bat misses you. You block the bat's attack.
You slash the bat!
You kill the bat!
Things that are here:
a +0 spear; a bat corpse A bat comes into view.
A bat is nearby!
A bat is nearby!
A bat is nearby!
Unknown command.
A bat is nearby!
Unknown command.
A bat is nearby!
The helpless bat fails to defend itself.
You slash the bat!
You kill the bat!
Unknown command.
You see here a bat corpse.
Done exploring.
No target in view!
Done exploring.
No target in view!
Done exploring.
No target in view!
No target in view!
Done exploring.
No target in view!
Done exploring.
Search for what [? for help]? alt You enter the shallow water.
You open the door.
There is an open door here.
There is a faded altar of an unknown god here.
This altar belongs to (a) Gozag, (b) Sif Muna or (c) Jiyva, but you can't tell which.
Press the corresponding letter to learn more about a god, or press enter to convert or escape to cancel.
Sif Muna accepts your prayer! Sif Muna welcomes you!
You can now call upon Sif Muna for magical energy.
Are you sure you want to abandon this character and quit the game? (Confirm with "yes".)

.#.#.##..#.#########.#
##.#.##..#.......###.#
##.#.#......###~~~##.#
.#.#.#......~≈≈≈~≈≈≈.#
.#.#.#.....~~≈≈~≈≈≈~~##
...#........~≈≈≈≈≈≈≈≈≈##
...#........#≈#####≈≈≈≈#
.............##...#≈≈≈≈#
...###........'.@.#≈≈≈≈#
#### #......###...#≈≈≈≈#
#......#≈#####≈≈≈## ##
#......≈≈≈≈≈≈≈≈≈≈# .#
#.)...~≈≈≈≈≈≈≈≈~#######
.#
##..###≈≈≈≈≈≈≈~.......#
.#
#..#####~≈≈≈######.###
.######........#### #.#
.....##........## #.#


There were no monsters in sight!

Vanquished Creatures
  A dart slug (D:1)
  4 ball pythons (D:1)
  An endoplasm (D:1)
  3 giant cockroaches (D:1)
  3 goblins (D:1)
  A hobgoblin (D:1)
  3 quokkas (D:1)
  3 bats (D:1)
  A frilled lizard (D:1)
  2 kobolds (D:1)
  A rat (D:1)
23 creatures vanquished.

Notes
Turn   | Place    | Note
-------+----------+-------------------------------------------
     0 | D:1      | Kurtz the Octopode Fighter began the quest for the Orb.
     0 | D:1      | Reached XP level 1. HP: 16/16 MP: 1/1
   108 | D:1      | Found a faded altar of an unknown god.
   116 | D:1      | Reached XP level 2. HP: 21/21 MP: 2/2
   540 | D:1      | Found Zuuschesh's Distillery.
   776 | D:1      | Reached XP level 3. HP: 20/26 MP: 3/3
  1014 | D:1      | Prayed at the altar of an unknown god.
  1014 | D:1      | Became a worshipper of Sif Muna the Loreminder
  1014 | D:1      | Reached * piety under Sif Muna
  1015 | D:1      | Quit the game

Illustrated notes

Levels and vault maps discovered:
D:1:      amcnicky_arrival_gap_in_the_tavern_cellar, layout_basic,
          serial_co_window_serial, co_window_paths_a, co_window_paths_b,
          co_window_cross_1, co_window_paths_a, co_window_corner_a,
          co_window_unsneaky_path_c, co_window_broadway_b, co_window_corner_cb,
          co_window_4corner_b, co_window_paths_e, glass_columns_b,
          glass_columns_b, glass_columns_b, glass_columns_c, glass_columns_a,
          nicolae_ecumenical_lake_church, serial_shops, shop

Skill      XL: |  1  2 |
---------------+-------+-----
Axes           | 3 |  3.5
Fighting       | |  3.0
Dodging        | |  3.0
Shields        | |  3.0

Action                     || total
---------------------------++-------
  Melee: War axe           ||    39
         Constrict         ||     6
         Tentacles         ||     3
   Stab: Sleeping          ||     7
 Armour: Skin              ||    15
  Dodge: Dodged            ||    21
  Block: Buckler           ||     7

Table legend: (Time is in decaauts)
 A = Elapsed time spent in this place.
 B = Non-inter-level travel time spent in this place.
 C = Inter-level travel time spent in this place.
 D = Time resting spent in this place.
 E = Time spent auto-exploring this place.
 F = Levels seen in this place.
 G = Mean time per level.
                   A        B        C        D        E       F      G
               +--------+--------+--------+--------+--------+-----+--------+
         Total |   1031 |   1002 |     29 |      0 |    832 |   1 | 1031.0 |
       Dungeon |   1031 |   1002 |     29 |      0 |    832 |   1 | 1031.0 |
               +--------+--------+--------+--------+--------+-----+--------+

Top non-repeatable levels by time:
     D:1: 1031 daAuts
